APP
SEATTLE (APP) MARINERS @ GREENEVILLE ASTROS
07/09/2044
 
TOP OF THE 1ST
Seattle (APP) Mariners batting - Pitching for Greeneville Astros : RHP Moises Hernandez Jr.
Pitching: RHP Moises Hernandez Jr.
Batting: RHB Kikuo Sato 0-0: Called Strike
0-1: Fly out, F7 (Line Drive, 7, EV 86.9 MPH)
Batting: SHB Tony Morales 0-0: Called Strike
0-1: Ball
1-1: SINGLE (Flyball, 34D, EV 96.3 MPH)
Batting: RHB Tze-meng Li 0-0: Called Strike
0-1: Ball
1-1: SINGLE (Line Drive, 78M, EV 92.5 MPH)
Tony Morales to second
Batting: LHB Ryan Lowe 0-0: Ball
1-0: Ball
2-0: Foul Ball, location: 2F
2-1: SINGLE (Line Drive, 78M, EV 85.6 MPH)
Tony Morales to third
Tze-meng Li to second
Batting: RHB Chris Olheiser 0-0: Ball
1-0: Ball
2-0: Called Strike
2-1: Called Strike
2-2: Ball
3-2: Strikes out swinging
Batting: RHB Hideo Okimura 0-0: Called Strike
0-1: Foul Ball, location: 2F
0-2: Ball
1-2: Foul Ball, location: 2F
1-2: SINGLE (Groundball, 6D, EV 105.6 MPH)
Tony Morales scores
Tze-meng Li to third
Ryan Lowe to second
Throwing error, E8
Tze-meng Li scores
Ryan Lowe to third
Hideo Okimura to second
Batting: RHB Ivan Davila 0-0: Foul Ball, location: 2F
0-1: Fly out, F8 (Flyball, 8RS, EV 81.3 MPH)
Top of the 1st over - 2 runs, 4 hits, 1 error, 2 left on base; Seattle (APP) 2 - Greeneville 0
BOTTOM OF THE 1ST
Greeneville Astros batting - Pitching for Seattle (APP) Mariners : LHP Aidan Smith
Pitching: LHP Aidan Smith
Batting: RHB Edgar Trejo 0-0: Ground out 4-3 (Groundball, 4, EV 85.6 MPH)
Batting: RHB Guo-ning Chen 0-0: Foul Ball, location: 2F
0-1: Ball
1-1: Called Strike
1-2: Foul Ball, location: 2F
1-2: Fly out, F3 (Flyball, 3D, EV 78.8 MPH)
Batting: RHB Ryan Salas 0-0: Ground out 5-3 (Groundball, 56, EV 86.9 MPH)
Bottom of the 1st over - 0 runs, 0 hits, 0 errors, 0 left on base; Seattle (APP) 2 - Greeneville 0
TOP OF THE 2ND
Seattle (APP) Mariners batting - Pitching for Greeneville Astros : RHP Moises Hernandez Jr.
Batting: RHB Enrique Valdez 0-0: Ball
1-0: Ball
2-0: Ball
3-0: Called Strike
3-1: Swinging Strike
3-2: Base on Balls
Batting: RHB Houston Brock 0-0: Ball
1-0: Foul Ball, location: 2F
1-1: Called Strike
1-2: Strikes out swinging
Batting: RHB Kikuo Sato 0-0: Ball
1-0: Ball
2-0: SINGLE (Groundball, 34D, EV 102.5 MPH)
Enrique Valdez to second
Runner from 2nd tries for 3rd, OUT! 9-5
Kikuo Sato to second
Batting: SHB Tony Morales 0-0: Foul Ball, location: 2F
0-1: Ball
1-1: Ball
2-1: Swinging Strike
2-2: Strikes out swinging
Top of the 2nd over - 0 runs, 1 hit, 0 errors, 1 left on base; Seattle (APP) 2 - Greeneville 0
BOTTOM OF THE 2ND
Greeneville Astros batting - Pitching for Seattle (APP) Mariners : LHP Aidan Smith
Batting: RHB Ramon Castellon 0-0: Ball
1-0: Ball
2-0: Foul Ball, location: 2F
2-1: Foul Ball, location: 2F
2-2: Foul Ball, location: 2F
2-2: Ground out 6-3 (Groundball, 6, EV 82.5 MPH)
Batting: RHB Nate Britton 0-0: Fly out, F1 (Popup, P, EV 90.6 MPH)
Batting: LHB Josh Birkner 0-0: Called Strike
0-1: Ball
1-1: Swinging Strike
1-2: Strikes out swinging
Bottom of the 2nd over - 0 runs, 0 hits, 0 errors, 0 left on base; Seattle (APP) 2 - Greeneville 0
TOP OF THE 3RD
Seattle (APP) Mariners batting - Pitching for Greeneville Astros : RHP Moises Hernandez Jr.
Batting: RHB Tze-meng Li 0-0: Ball
1-0: Fly out, F7 (Line Drive, 7D, EV 91.3 MPH)
Batting: LHB Ryan Lowe 0-0: Ball
1-0: Ball
2-0: Called Strike
2-1: DOUBLE (Flyball, 7LD, EV 96.9 MPH)
Batting: RHB Chris Olheiser 0-0: Ball
1-0: Ball
2-0: Called Strike
2-1: Foul Ball, location: 2F
2-2: Ball
3-2: Base on Balls
Batting: RHB Hideo Okimura 0-0: Ball
1-0: Ball
2-0: Called Strike
2-1: Foul Ball, location: 2F
2-2: Ball
3-2: Foul Ball, location: 2F
3-2: Foul Ball, location: 2F
3-2: Base on Balls
Ryan Lowe to third
Chris Olheiser to second
Batting: RHB Ivan Davila 0-0: Called Strike
0-1: Ball
1-1: Ball
2-1: Fly out, F3 (Popup, 3SF, EV 81.3 MPH)
Batting: RHB Enrique Valdez 0-0: Swinging Strike
0-1: Foul Ball, location: 2F
0-2: DOUBLE (Line Drive, 7LM, EV 108.1 MPH)
Ryan Lowe scores
Chris Olheiser scores
Hideo Okimura to third
Batting: RHB Houston Brock 0-0: Ball
1-0: Ball
2-0: Fly out, F7 (Flyball, 78M, EV 86.3 MPH)
Top of the 3rd over - 2 runs, 2 hits, 0 errors, 2 left on base; Seattle (APP) 4 - Greeneville 0
BOTTOM OF THE 3RD
Greeneville Astros batting - Pitching for Seattle (APP) Mariners : LHP Aidan Smith
Batting: RHB Workneh Lagat 0-0: Ball
1-0: Ground out 5-3 (Groundball, 56S, EV 85.0 MPH)
Batting: RHB Erik Smith 0-0: Called Strike
0-1: Foul Ball, location: 2F
0-2: Ball
1-2: SINGLE (Line Drive, 4MD, EV 95.0 MPH)
Batting: LHB Jimmy Edlin 0-0: Swinging Strike
0-1: Grounds into double play, 6-4-3 (Groundball, 6, EV 95.0 MPH)
Bottom of the 3rd over - 0 runs, 1 hit, 0 errors, 0 left on base; Seattle (APP) 4 - Greeneville 0
TOP OF THE 4TH
Seattle (APP) Mariners batting - Pitching for Greeneville Astros : RHP Moises Hernandez Jr.
Batting: RHB Kikuo Sato 0-0: Ground out 1-3 (Groundball, 15S, EV 70.6 MPH)
Pitching: RHP Jon Davis
Batting: SHB Tony Morales 0-0: Ball
1-0: Foul Ball, location: 2F
1-1: Ball
2-1: Ball
3-1: Base on Balls
Batting: RHB Tze-meng Li 0-0: Ball
Tony Morales steals 2nd base
1-0: Ground out 4-3 (Groundball, 4, EV 103.8 MPH)
Tony Morales to third
Batting: LHB Ryan Lowe 0-0: Ball
1-0: Ball
2-0: Foul Ball, location: 2F
2-1: Ball
3-1: Base on Balls
Batting: RHB Chris Olheiser 0-0: Swinging Strike
0-1: Ball
1-1: Ball
2-1: Ball
3-1: Swinging Strike
3-2: Strikes out swinging
Top of the 4th over - 0 runs, 0 hits, 0 errors, 2 left on base; Seattle (APP) 4 - Greeneville 0
BOTTOM OF THE 4TH
Greeneville Astros batting - Pitching for Seattle (APP) Mariners : LHP Aidan Smith
Batting: RHB Edgar Trejo 0-0: Ball
1-0: Ball
2-0: Called Strike
2-1: Ball
3-1: Foul Ball, location: 2F
3-2: Foul Ball, location: 2F
3-2: Foul Ball, location: 2F
3-2: Foul Ball, location: 2F
3-2: Base on Balls
Batting: RHB Guo-ning Chen 0-0: Called Strike
Edgar Trejo is caught stealing 2nd base 2-4
0-1: Foul Ball, location: 2F
0-2: Strikes out swinging
Batting: RHB Ryan Salas 0-0: Foul Ball, location: 2F
0-1: Foul Ball, location: 2F
0-2: Ground out U3 (Groundball, 34S, EV 86.9 MPH)
Bottom of the 4th over - 0 runs, 0 hits, 0 errors, 0 left on base; Seattle (APP) 4 - Greeneville 0
TOP OF THE 5TH
Seattle (APP) Mariners batting - Pitching for Greeneville Astros : RHP Jon Davis
Batting: RHB Hideo Okimura 0-0: Called Strike
0-1: Foul Ball, location: 2F
0-2: Strikes out swinging
Batting: RHB Ivan Davila 0-0: Called Strike
0-1: Ball
1-1: Called Strike
1-2: Ball
2-2: Ball
3-2: Strikes out looking
Batting: RHB Enrique Valdez 0-0: Called Strike
0-1: Ball
1-1: Ball
2-1: Ground out 5-3 (Groundball, 56, EV 108.8 MPH)
Top of the 5th over - 0 runs, 0 hits, 0 errors, 0 left on base; Seattle (APP) 4 - Greeneville 0
BOTTOM OF THE 5TH
Greeneville Astros batting - Pitching for Seattle (APP) Mariners : LHP Aidan Smith
Batting: RHB Ramon Castellon 0-0: Ball
1-0: Ball
2-0: Foul Ball, location: 2F
2-1: Swinging Strike
2-2: Foul Ball, location: 2F
2-2: DOUBLE (Line Drive, 7LD, EV 103.1 MPH)
Batting: RHB Nate Britton 0-0: Ball
1-0: Ball
2-0: Ball
3-0: Foul Ball, location: 2F
3-1: Base on Balls
Batting: LHB Josh Birkner 0-0: Ball
1-0: Ball
2-0: Called Strike
2-1: Called Strike
2-2: Foul Ball, location: 2F
2-2: Strikes out swinging
Batting: RHB Workneh Lagat 0-0: Ball
1-0: Ball
2-0: Foul Ball, location: 2F
2-1: Fly out, F8 (Flyball, 8LD, EV 95.0 MPH)
Batting: RHB Erik Smith 0-0: Ball
1-0: Fielders Choice at 2nd, 5-4 (Groundball, 56, EV 109.4 MPH)
Bottom of the 5th over - 0 runs, 1 hit, 0 errors, 2 left on base; Seattle (APP) 4 - Greeneville 0
TOP OF THE 6TH
Seattle (APP) Mariners batting - Pitching for Greeneville Astros : RHP Jon Davis
Batting: RHB Houston Brock 0-0: Foul Ball, location: 2F
0-1: Reached on error, E8 (Flyball, 89D, EV 105.6 MPH)
Batting: RHB Kikuo Sato 0-0: Swinging Strike
0-1: Ground out 6-3 (Groundball, 56, EV 83.1 MPH)
Batting: SHB Tony Morales 0-0: Called Strike
Houston Brock steals 3rd base
0-1: Ball
1-1: Ground out 6-3 (Groundball, 6, EV 97.5 MPH)
Houston Brock scores
Batting: RHB Tze-meng Li 0-0: Foul Ball, location: 2F
0-1: Called Strike
0-2: Ball
1-2: SINGLE (Groundball, 4MD, EV 111.3 MPH)
Batting: LHB Ryan Lowe 0-0: Swinging Strike
0-1: Ball
1-1: Foul Ball, location: 2F
1-2: Fielders Choice at 2nd, 6-4 (Groundball, 56, EV 83.1 MPH)
Top of the 6th over - 1 run, 1 hit, 1 error, 1 left on base; Seattle (APP) 5 - Greeneville 0
BOTTOM OF THE 6TH
Greeneville Astros batting - Pitching for Seattle (APP) Mariners : LHP Aidan Smith
Batting: LHB Jimmy Edlin 0-0: Called Strike
0-1: Foul Ball, location: 2F
0-2: Ball
1-2: Foul Ball, location: 2F
1-2: Foul Ball, location: 2F
1-2: Ball
2-2: Ball
3-2: Ground out U3 (Groundball, 3, EV 90.6 MPH)
Batting: RHB Edgar Trejo 0-0: Called Strike
0-1: Foul Ball, location: 2F
0-2: Ball
1-2: Strikes out swinging
Batting: RHB Guo-ning Chen 0-0: Ball
1-0: Foul Ball, location: 2F
1-1: Swinging Strike
1-2: Ball
2-2: Strikes out looking
Bottom of the 6th over - 0 runs, 0 hits, 0 errors, 0 left on base; Seattle (APP) 5 - Greeneville 0
TOP OF THE 7TH
Seattle (APP) Mariners batting - Pitching for Greeneville Astros : RHP Jon Davis
Batting: RHB Chris Olheiser 0-0: Called Strike
0-1: Ball
1-1: Called Strike
1-2: Strikes out swinging
Batting: RHB Hideo Okimura 0-0: Ball
1-0: Ball
2-0: Ball
3-0: Base on Balls
Pitching: RHP Devin Spears
Batting: RHB Ivan Davila 0-0: Ball
1-0: Called Strike
1-1: Swinging Strike
1-2: Foul Ball, location: 2F
1-2: Ball
2-2: 2-RUN HOME RUN (Flyball, 7D, EV 95.6 MPH), Distance : 373 ft
Batting: RHB Enrique Valdez 0-0: Called Strike
0-1: Called Strike
0-2: Ball
1-2: Ball
2-2: Ball
3-2: Base on Balls
Batting: RHB Houston Brock 0-0: Reached on error, E3 (Groundball, 34, EV 92.5 MPH)
Enrique Valdez to second
Pinch Hitting: RHB Mike Conaway 0-0: Called Strike
0-1: Ball
1-1: Ball
2-1: Ball
3-1: Foul Ball, location: 2F
3-2: Foul Ball, location: 2F
3-2: SINGLE (Flyball, 8RS, EV 84.4 MPH)
Enrique Valdez to third
Houston Brock to second
Batting: SHB Tony Morales 0-0: Ball
1-0: Called Strike
1-1: Called Strike
1-2: Ball
2-2: Foul Ball, location: 2F
2-2: DOUBLE (Flyball, 8LXD, EV 112.5 MPH)
Enrique Valdez scores
Houston Brock scores
Mike Conaway to third
Batting: RHB Tze-meng Li Balk!
Mike Conaway scores
Tony Morales to third
Pitching: RHP James Browning 0-0: Ball
1-0: Ball
2-0: Foul Ball, location: 2F
2-1: Ball
3-1: Base on Balls
Batting: LHB Ryan Lowe 0-0: Ball
1-0: Foul Ball, location: 2F
1-1: Foul Ball, location: 2F
1-2: Ball
2-2: Foul Ball, location: 2F
2-2: Ball
3-2: Foul Ball, location: 2F
3-2: Ground out 5-3 (Groundball, 56, EV 84.4 MPH)
Tony Morales scores
Tze-meng Li to second
Batting: RHB Chris Olheiser 0-0: Called Strike
0-1: Ball
1-1: Ball
2-1: Swinging Strike
Passed Ball!
Tze-meng Li to third
2-2: Ball
3-2: Base on Balls
Batting: RHB Hideo Okimura 0-0: Called Strike
0-1: Reached on error, E5 (Groundball, 5S, EV 71.9 MPH)
Tze-meng Li scores
Chris Olheiser to second
Batting: RHB Ivan Davila 0-0: Ball
1-0: Foul Ball, location: 2F
1-1: Ball
2-1: Ball
3-1: Base on Balls
Chris Olheiser to third
Hideo Okimura to second
Batting: RHB Enrique Valdez 0-0: Called Strike
0-1: Ball
1-1: Called Strike
1-2: Ball
2-2: Ground out 5-3 (Groundball, 56S, EV 63.1 MPH)
Top of the 7th over - 7 runs, 3 hits, 2 errors, 3 left on base; Seattle (APP) 12 - Greeneville 0
BOTTOM OF THE 7TH
Greeneville Astros batting - Pitching for Seattle (APP) Mariners : LHP Aidan Smith
Now in LF: Mike Conaway
Batting: RHB Ryan Salas 0-0: Ball
1-0: Ground out U3 (Groundball, 34S, EV 86.3 MPH)
Batting: RHB Ramon Castellon 0-0: Foul Ball, location: 2F
0-1: Foul Ball, location: 2F
0-2: SINGLE (Groundball, 56S, EV 68.1 MPH) (infield hit)
Batting: RHB Nate Britton 0-0: Swinging Strike
0-1: Foul Ball, location: 2F
0-2: Fielders Choice at 2nd, 3-6 (Groundball, 34, EV 108.8 MPH)
Batting: LHB Josh Birkner 0-0: Ball
1-0: Ball
2-0: Swinging Strike
2-1: SINGLE (Groundball, 3D, EV 110.0 MPH)
Nate Britton to second
Pitching: LHP Mitch Lewis
Batting: RHB Workneh Lagat 0-0: SINGLE (Groundball, 6MS, EV 69.4 MPH) (infield hit)
Nate Britton to third
Josh Birkner to second
Batting: RHB Erik Smith 0-0: Called Strike
0-1: Fly out, F8 (Line Drive, 8LD, EV 94.4 MPH)
Bottom of the 7th over - 0 runs, 3 hits, 0 errors, 3 left on base; Seattle (APP) 12 - Greeneville 0
TOP OF THE 8TH
Seattle (APP) Mariners batting - Pitching for Greeneville Astros : RHP James Browning
Batting: RHB Houston Brock 0-0: Called Strike
0-1: Ball
1-1: Ground out 6-3 (Groundball, 6MS, EV 86.9 MPH)
Batting: RHB Mike Conaway 0-0: Ball
1-0: Swinging Strike
1-1: Foul Ball, location: 2F
1-2: Ball
2-2: Ground out 5-3 (Groundball, 5, EV 106.3 MPH)
Batting: SHB Tony Morales 0-0: Foul Ball, location: 2F
0-1: Swinging Strike
0-2: Strikes out swinging
Top of the 8th over - 0 runs, 0 hits, 0 errors, 0 left on base; Seattle (APP) 12 - Greeneville 0
BOTTOM OF THE 8TH
Greeneville Astros batting - Pitching for Seattle (APP) Mariners : LHP Mitch Lewis
Pinch Hitting: RHB Bruce Bermudez 0-0: Ball
1-0: SINGLE (Groundball, 6MD, EV 100.0 MPH)
Batting: RHB Edgar Trejo 0-0: Fly out, F8 (Flyball, 8RD, EV 93.8 MPH)
Batting: RHB Guo-ning Chen 0-0: Called Strike
0-1: Ball
1-1: Fielders Choice at 2nd, 4-6 (Groundball, 4S, EV 86.9 MPH)
Batting: RHB Ryan Salas 0-0: Ball
1-0: Foul Ball, location: 2F
1-1: Called Strike
1-2: Ball
2-2: Strikes out swinging
Bottom of the 8th over - 0 runs, 1 hit, 0 errors, 1 left on base; Seattle (APP) 12 - Greeneville 0
TOP OF THE 9TH
Seattle (APP) Mariners batting - Pitching for Greeneville Astros : RHP James Browning
Pitching: LHP Mark Sanders
Now in CF: Bruce Bermudez
Batting: RHB Tze-meng Li 0-0: Called Strike
0-1: Ball
1-1: Ball
2-1: Ball
3-1: Swinging Strike
3-2: TRIPLE (Flyball, 78D, EV 105.0 MPH)
Batting: LHB Ryan Lowe 0-0: Called Strike
0-1: Foul Ball, location: 2F
0-2: Foul Ball, location: 2F
0-2: Ball
1-2: Foul Ball, location: 2F
1-2: Ball
2-2: Ball
3-2: Foul Ball, location: 2F
3-2: Ground out U3 (Groundball, 3L, EV 105.0 MPH)
Batting: RHB Chris Olheiser 0-0: Ball
1-0: Foul Ball, location: 2F
1-1: Fly out, F5 (Line Drive, 5, EV 69.4 MPH)
Batting: RHB Hideo Okimura 0-0: Ground out 4-3 (Groundball, 4, EV 97.5 MPH)
Top of the 9th over - 0 runs, 1 hit, 0 errors, 1 left on base; Seattle (APP) 12 - Greeneville 0
BOTTOM OF THE 9TH
Greeneville Astros batting - Pitching for Seattle (APP) Mariners : LHP Mitch Lewis
Batting: RHB Ramon Castellon 0-0: Ground out 3-1 (Groundball, 34S, EV 86.3 MPH)
Batting: RHB Nate Britton 0-0: Ball
1-0: Ball
2-0: Swinging Strike
2-1: Foul Ball, location: 2F
2-2: Ball
3-2: Strikes out looking
Batting: LHB Josh Birkner 0-0: Ball
1-0: Swinging Strike
1-1: Ball
2-1: Foul Ball, location: 2F
2-2: Ball
3-2: Strikes out swinging
Bottom of the 9th over - 0 runs, 0 hits, 0 errors, 0 left on base; Seattle (APP) 12 - Greeneville 0
Thursday, March 31st , 2022 - OOTP Baseball 22.12 Build 89